 Dungeon Crawl Stone Soup version 0.28.0-47-ge53b351184 (webtiles) character file.

Game seed: 7984904560342637090

16 Gabide the Grave Robber (level 2, -2/20 HPs)
             Began as a Mummy Necromancer on May 3, 2022.
             Slain by a black bear (3 damage)
             ... on level 2 of the Dungeon.
             The game lasted 00:03:08 (844 turns).

Gabide the Grave Robber (Mummy Necromancer)          Turns: 844, Time: 00:03:08

Health: -2/20      AC:  4    Str: 11    XL:     2   Next: 37%
Magic:  1/6        EV: 12    Int: 14    God:
Gold:   90         SH:  0    Dex: 12    Spells: 6/7 levels left

rFire   x . .      SeeInvis .   (no weapon)
rCold   + . .      Faith    .   (no shield)
rNeg    + + +      Spirit   .   a - +0 robe
rPois   ∞          Reflect  .   (no helmet)
rElec   .          Harm     .   (no cloak)
rCorr   .          Rampage  .   d - +1 pair of gloves {infuse}
Will    .....                   (no boots)
Stlth   ++........              (no amulet)
HPRegen 0.06/turn               (no ring)
MPRegen 0.10/turn               (no ring)

@: about to teleport
A: cold resistance 1, negative energy resistance 3, torment resistance 2, heat
vulnerability 1, no potions
a: no special abilities


You were on level 2 of the Dungeon.
You visited 1 branch of the dungeon, and saw 2 of its levels.

You collected 90 gold pieces.

Inventory:

Armour
 a - a +0 robe (worn)
 d - a +1 pair of gloves of infusion (worn)
Scrolls
 b - a scroll of identify
 e - a scroll of immolation {unknown}


   Skills:
 * Level 0.7 Fighting
 * Level 1.9 Dodging
 - Level 1.5 Stealth
 * Level 3.1 Spellcasting
 * Level 4.1 Necromancy


You had 6 spell levels left.
You knew the following spells:

 Your Spells              Type           Power      Damage    Failure   Level
a - Pain                  Necr           52%        1d6       3%          1

Your spell library contained the following spells:

 Spells                   Type           Power      Damage    Failure   Level
 Animate Skeleton         Necr           26%        N/A       3%          1
 Vampiric Draining        Necr           13%        2d6       12%         3
 Ensorcelled Hibernation  Hex/Ice        4%         N/A       32%         2
 Animate Dead             Necr           6%         N/A       36%         4
 Anguish                  Hex/Necr       4%         N/A       65%         4
 Agony                    Necr           13%        N/A       71%         5
 Spider Form              Tmut/Pois      Unusable   N/A       N/A         3

Dungeon Overview and Level Annotations

Branches:
Dungeon (2/15)

Altars:
Uskayaw


Innate Abilities, Weirdness & Mutations

You are immune to poison.
Your flesh is cold resistant. (rC+)
You are immune to negative energy. (rN+++)
You are immune to unholy pain and torment.
You are vulnerable to heat. (rF-)
You do not drink.


Message History

You see here 9 arrows.
Found a stone staircase leading down.
Found a stone staircase leading down.
The endoplasm quivers.
The endoplasm writhes in agony.
The endoplasm writhes in agony.
You kill the endoplasm!
A giant cockroach comes into view.
A giant cockroach is nearby!
The giant cockroach writhes in agony.
You kill the giant cockroach!
You can't see any susceptible monsters within range! (Use Z to cast anyway.)
You see here a giant cockroach corpse.
A bat is nearby!
The bat writhes in agony.
The bat hits you.
The bat writhes in agony.
You kill the bat!
You see here a bat corpse.
e - a scroll labelled ACYSAI BURCHE You now have 90 gold pieces (gained 7).
A black bear is nearby!
The black bear struggles to resist.
The black bear struggles to resist.
The black bear writhes in agony.
The black bear writhes in agony.
The black bear struggles to resist.
The black bear bites you but does no damage.
The black bear misses you. The black bear claws you.
The black bear writhes in agony.
The black bear bites you. The black bear claws you. The black bear misses you.
As you read the scroll labelled MIYNAY XAW WAO, it crumbles to dust.
It is a scroll of identify.
c - a scroll of teleportation The black bear bites you.
The black bear barely misses you. The black bear closely misses you.
As you read the scroll of teleportation, it crumbles to dust.
You feel strangely unstable. The black bear bites you!
* * * LOW HITPOINT WARNING * * *
The black bear claws you.
You die...

#(##.#.#
#.###.....J.....
########.##.#.#
#.....J.......##
........#.#.#.#
#..##h#######.#
########.##>#.#
#..##.# .# ####.#.#
#..##<# # #.#†#
#..##.# #.#.#
#..##.###
####.#.####.......#
.........†@.....)..#
###########h.#.....#
#..#.....##
#..#....... #.....#
#.###.# ...# # ###..
###


You could see a black bear.

Vanquished Creatures
  2 endoplasms
  2 giant cockroaches (D:2)
  3 goblins
  2 ball pythons (D:2)
  4 bats
  2 frilled lizards
  A kobold (D:1)
16 creatures vanquished.

Notes
Turn   | Place    | Note
-------+----------+-------------------------------------------
     0 | D:1      | Gabide the Mummy Necromancer began the quest for the Orb.
     0 | D:1      | Reached XP level 1. HP: 13/13 MP: 4/4
   284 | D:1      | Found a faded altar of an unknown god.
   335 | D:1      | Prayed at the altar of an unknown god.
   335 | D:1      | Became a worshipper of Uskayaw the Reveller
   335 | D:1      | Reached * piety under Uskayaw
   336 | D:1      | Fell from the grace of Uskayaw
   553 | D:2      | Noticed a black bear
   570 | D:1      | Reached XP level 2. HP: 14/20 MP: 0/6
   844 | D:2      | HP: 1/20 [black bear (7)]
   844 | D:2      | Slain by a black bear

Illustrated notes

Levels and vault maps discovered:
D:1:      lightli_arrival_windingriver, layout_rooms,
          chequers_ecumenical_altar_twisty, amethyst_killhole
D:2:      layout_loops_ring, basic_altar, minmay_misc_feat_tiny,
          minmay_small_reverse_x

Skill      XL: |  1 |
---------------+----+-----
Spellcasting   | 3 |  3.1
Fighting       | |  0.7
Dodging        | |  1.9
Stealth        | |  1.5
Necromancy     | |  4.1

Action                   || total
-------------------------++-------
Melee: Unarmed           ||     2
 Cast: Pain              ||    30
Invok: Renounce Religion ||     1
  Use: Scroll            ||     2
Armor: Robe              ||     1
Dodge: Dodged            ||     7
